 Dungeon Crawl Stone Soup version 0.26-a0-610-g3e9335b (webtiles) character file.

Game seed: 4966845570878906766

487 Dorkslayer the Ruffian (level 6, -1/61 HPs)
             Began as a Troll Fighter on Sept 4, 2020.
             Slain by an orc
             ... wielding a +0 hand axe
              (4 damage)
             ... on level 6 of the Dungeon.
             The game lasted 00:10:03 (2959 turns).

Dorkslayer the Ruffian (Troll Fighter)              Turns: 2959, Time: 00:10:04

Health: -1/61      AC:  7    Str: 24    XL:     6   Next: 89%
Magic:  0/5        EV:  8    Int:  4    God:
Gold:   219        SH:  9    Dex: 10    Spells: 5/5 levels left

rFire    . . .     SeeInvis .     - Unarmed
rCold    . . .     Faith    .   b - +0 kite shield
rNeg     . . .     Spirit   +   a - +0 robe
rPois    .         Reflect  .   m - +1 hat
rElec    .         Harm     .   (no cloak)
rCorr    .         Clarity  +   (gloves unavailable)
MR       +....                  (boots unavailable)
Stlth    +.........             h - amulet of guardian spirit
HPRegen  0.60/turn              o - ring of protection from magic
MPRegen  0.09/turn              (no ring)

@: mighty, lethally poisoned (-1 -> -1)
A: large, unfitting armour, claws 3, clarity, regeneration 1, shaggy fur 1,
tough skin 3, weak 1
a: no special abilities


You were on level 6 of the Dungeon.
You visited 1 branch of the dungeon, and saw 5 of its levels.

You collected 219 gold pieces.

Inventory:

Missiles
 s - 5 boomerangs (quivered)
Armour
 a - a +0 robe (worn)
 b - a +0 kite shield (worn)
 m - a +1 hat (worn)
Jewellery
 h - an amulet of guardian spirit (around neck)
 o - a ring of protection from magic (left claw)
Scrolls
 d - a scroll of amnesia
 e - a scroll of fog {unknown}
 g - 2 scrolls of teleportation
 j - a scroll of enchant armour {unknown}
 k - 4 scrolls of remove curse
 l - a scroll of noise {unknown}
 q - a scroll of magic mapping {unknown}
 r - a scroll of identify {unknown}
Potions
 c - 2 potions of might
 f - a potion of mutation
 i - a potion of lignification
 n - a potion of heal wounds {unknown}
 p - a potion of brilliance


   Skills:
 * Level 3.4 Fighting
 * Level 0.2 Throwing
 + Level 3.1 Dodging
 + Level 0.6 Stealth
 + Level 3.2 Shields
 * Level 5.5 Unarmed Combat


You had 5 spell levels left.
You didn't know any spells.
Your spell library was empty.

Dungeon Overview and Level Annotations

Branches:
Dungeon (4/15)
 Temple: D:4-7

Altars:
Elyvilon
Fedhas
Nemelex Xobeh
Sif Muna
Trog
Uskayaw
Vehumet
Xom


Innate Abilities, Weirdness & Mutations

You are too large for most types of armour.
You have claws for hands.
Your natural rate of healing is unusually fast.
You are covered in fur. (AC +1)
You have extremely tough skin. (AC +3)
You possess an exceptional clarity of mind.
You are weak. (Str -2)


Message History

The quokka bites you.
* * * LOW HITPOINT WARNING * * *
You claw the quokka!
You kill the quokka!
You feel sick.
You mangle the worker ant!!
You kill the worker ant!
You closely miss the orc.
You feel sick. You block the orc's attack.
A sky beast appears from thin air!
Reactivating autopickup.
You block the sky beast's attack.
You closely miss the sky beast.
The sky beast is heavily wounded.
The orc hits you with a +0 hand axe.
* * * LOW HITPOINT WARNING * * *
The sky beast hits you but does no damage.
You claw the sky beast!
The sky beast is severely wounded.
You feel sick. The orc hits you with a +0 hand axe.
You die...

...........##
.......##...#
.......#....#
...........##
.........###
..........#
..........#
....$....Y##
.........o@#
............#
...##...###..#
#.. #...# #.#
..#.# .. ..###
#.# .# .. #.#


You could see a sky beast and an orc.

Vanquished Creatures
  Edmund (D:4)
  A hound (D:2)
  An orc priest (D:6)
  An orc wizard (D:6)
  A centaur skeleton (D:4)
  2 worker ants
  3 gnolls (D:3)
  10 adders
  2 worms
  A leopard gecko (D:2)
  11 orcs
  A ball python (D:3)
  5 bats
  11 giant cockroaches
  6 goblins
  4 hobgoblins
  4 jackals (D:1)
  3 quokkas
  4 frilled lizards
  8 kobolds
  6 rats
86 creatures vanquished.

Notes
Turn   | Place    | Note
-------+----------+-------------------------------------------
     0 | D:1      | Dorkslayer the Troll Fighter began the quest for the Orb.
     0 | D:1      | Reached XP level 1. HP: 22/22 MP: 0/0
   471 | D:1      | Reached XP level 2. HP: 29/29 MP: 1/1
  1079 | D:2      | Found a white marble altar of Elyvilon.
  1127 | D:2      | Reached XP level 3. HP: 29/36 MP: 0/2
  1189 | D:2      | Reached skill level 3 in Unarmed Combat
  1216 | D:2      | Found a bloodstained altar of Trog.
  1217 | D:2      | Found a shimmering altar of Xom.
  1230 | D:2      | Found a hide-covered altar of Uskayaw.
  1282 | D:2      | Reached XP level 4. HP: 38/44 MP: 1/3
  1755 | D:3      | Found a radiant altar of Vehumet.
  1755 | D:3      | Found a blossoming altar of Fedhas.
  1756 | D:3      | Found a shimmering blue altar of Sif Muna.
  1984 | D:3      | Reached XP level 5. HP: 53/53 MP: 4/4
  2054 | D:3      | Reached skill level 4 in Unarmed Combat
  2088 | D:3      | Found a sparkling altar of Nemelex Xobeh.
  2561 | D:4      | Reached XP level 6. HP: 60/61 MP: 5/5
  2730 | D:4      | Noticed Edmund
  2751 | D:4      | Gained mutation: You are weak. (Str -2) [potion of
                  | mutation]
  2751 | D:4      | Gained mutation: You possess an exceptional clarity of
                  | mind. [potion of mutation]
  2756 | D:4      | Killed Edmund
  2756 | D:4      | Reached skill level 5 in Unarmed Combat
  2870 | D:4      | You fall into a shaft and drop 2 floors!
  2911 | D:6      | Noticed a sky beast
  2958 | D:6      | HP: 3/61 [orc/+0 hand axe (1)]
  2959 | D:6      | Slain by an orc

Illustrated notes

Levels and vault maps discovered:
D:1:      saegor_arrival_simple_a, layout_basic, fountainhead,
          minmay_door_square, minmay_pentomino_r2
D:2:      layout_basic, grunt_temple_overflow_open, elyvilon_altar_5
D:3:      layout_basic, chequers_temple_overflow_statue_of_worship,
          nemelex_xobeh_ov_fountains_minmay, kennysheep_generic_room_6
D:4:      kennysheep_goblin_castle, layout_loops_ring, uniq_natasha, uniq_edmund
D:6:      layout_cave_pools, temple_hall, gup_sewer_entry_pipe, uniq_sigmund

Skill      XL: |  1  2  3  4  5  6 |
---------------+-------------------+-----
Unarmed Combat | 3 4 5 |  5.5
Fighting       | 3 |  3.4
Shields        | 3 |  3.2
Dodging        | 3 |  3.1
Throwing       | |  0.2
Stealth        | |  0.6

Action                   |  1- 3 |  4- 6 || total
-------------------------+-------+-------++-------
Melee: Unarmed           |    90 |   176 ||   266
Throw: Boomerang         |       |     3 ||     3
  Use: Scroll            |       |     3 ||     3
       Potion            |       |     6 ||     6
 Stab: Sleeping          |       |     4 ||     4
Armor: Robe              |    45 |    50 ||    95
       Skin              |       |    10 ||    10
Dodge: Dodged            |    30 |    58 ||    88
Block: Kite shield       |    28 |    83 ||   111

Table legend: (Time is in decaauts)
 A = Elapsed time spent in this place.
 B = Non-inter-level travel time spent in this place.
 C = Inter-level travel time spent in this place.
 D = Time resting spent in this place.
 E = Time spent auto-exploring this place.
 F = Levels seen in this place.
 G = Mean time per level.
                   A        B        C        D        E       F      G
               +--------+--------+--------+--------+--------+-----+--------+
         Total |   2961 |   2961 |      0 |     34 |    461 |   5 |  592.2 |
       Dungeon |   2961 |   2961 |      0 |     34 |    461 |   5 |  592.2 |
               +--------+--------+--------+--------+--------+-----+--------+

Top non-repeatable levels by time:
     D:1: 1024 daAuts
     D:3: 803 daAuts
     D:2: 615 daAuts
     D:4: 429 daAuts
     D:6: 88 daAuts
